 Dungeon Crawl Stone Soup version 0.19-a0-1021-g80cc50c (webtiles) character file.

611 Ihatecarrots00 the Skirmisher (level 7, 0/64 HPs)
             Began as a Minotaur Berserker on July 26, 2016.
             Was a Believer of Trog.
             Slain by a worker ant (1 damage)
             ... on level 5 of the Dungeon on July 27, 2016.
             The game lasted 00:16:02 (4062 turns).

Ihatecarrots00 the Skirmisher (Minotaur Berserker)  Turns: 4062, Time: 00:16:02

Health: 0/64       AC: 12    Str: 24    XL:     7   Next: 20%
Magic:  6/6        EV:  7    Int:  4    God:    Trog [**....]
Gold:   217        SH:  0    Dex:  9    Spells: 0 memorised, 6 levels left

rFire  . . .     SeeInvis .     a - +0 hand axe
rCold  . . .     Gourm    .     k - +0 plate armour
rNeg   . . .     Faith    .     x - +0 buckler (curse)
rPois  .         Spirit   .     (helmet restricted)
rElec  .         Dismiss  .     (no cloak)
rCorr  .         Reflect  .     (no gloves)
SustAt .         Harm     .     (no boots)
MR     .....                    (no amulet)
Stlth  ..........               (no ring)
                                (no ring)

@: confused, not resistant to hostile enchantments, extremely unstealthy
A: retaliatory headbutt, horns 2
a: Berserk, Trog's Hand, Burn Spellbooks, Renounce Religion


You were on level 5 of the Dungeon.
You worshipped Trog.
Trog was pleased with you.
You were not hungry.

You visited 1 branch of the dungeon, and saw 5 of its levels.

You collected 217 gold pieces.

Inventory:

Hand Weapons
 a - a +0 hand axe (weapon)
 t - a +0 hand crossbow
 C - a +0 shortbow
 H - a cursed -3 spear
 J - a +1 shortbow of flaming
Missiles
 K - 9 arrows
Armour
 b - a +0 animal skin
 i - a +0 ring mail
 k - a +0 plate armour (worn)
 x - a cursed +0 buckler (worn)
 z - a +1 helmet of intelligence
Jewellery
 e - a +1 ring of protection {unknown}
 n - an uncursed ring of fire {unknown}
 F - an uncursed amulet of harm {unknown}
Scrolls
 l - 3 scrolls of identify
 m - 5 scrolls of remove curse
 s - 2 scrolls of teleportation {unknown}
 u - 2 scrolls of magic mapping {unknown}
 w - a scroll of enchant weapon {unknown}
 y - a scroll of random uselessness {unknown}
 A - 2 scrolls of blinking {unknown}
 D - a scroll of noise {unknown}
 G - 2 scrolls of immolation {unknown}
 I - a scroll of recharging {unknown}
Potions
 d - a potion of mutation {unknown}
 h - a potion of flight {unknown}
 j - a potion of haste {unknown}
 o - 5 potions of heal wounds {unknown}
 p - a potion of cure mutation {unknown}
 q - 2 potions of might {unknown}
 r - 3 potions of brilliance {unknown}
 v - 2 potions of curing {unknown}
 B - 3 potions of ambrosia {unknown}
 E - 2 potions of degeneration {unknown}
Comestibles
 c - 3 bread rations
 f - a beef jerky
 g - 2 meat rations


   Skills:
 + Level 6.3 Fighting
 + Level 5.7 Axes
 + Level 6.0 Armour
 + Level 3.2 Dodging
 + Level 0.1 Stealth
 + Level 0.2 Shields


You had 6 spell levels left.
You didn't know any spells.

Dungeon Overview and Level Annotations

Branches:
Dungeon (5/15)             Temple (0/1) D:4

Altars:
Dithmenos
Ru
Zin

Shops:
D:3 *


Innate Abilities, Weirdness & Mutations

You reflexively headbutt those who attack you in melee.
You have a pair of horns on your head.


Message History

Keep eating? [Y]es or [N]o only, please.
Keep eating?
You continue eating.
The orc wizard hits you but does no damage.
The ogre hits you with a giant spiked club!
* * * LOW HITPOINT WARNING * * *
You block the worker ant's attack. The orc barely misses you.
You continue eating.
The orc wizard closely misses you. You furiously retaliate!
You headbutt the orc wizard, but do no damage.
The worker ant bites you but does no damage.
The ogre hits you but does no damage. The orc hits you but does no damage.
You finish eating.
That meat ration really hit the spot!
The worker ant bites you.
* * * LOW HITPOINT WARNING * * *
The orc wizard points at you and mumbles some strange words.
You are confused.
You bump into the rock wall.
The worker ant bites you.
You die...

#.............. #
#.............# #
#.............# #
#...#.........# # ##
#...#.........# # #..
...#.........+ #
#...##.#)).......#####
#....@aO..............
#.....oo.........#####
#.........######.....<
...#####....# #.#....
.. ......+ .......# .
#......# ##.#...#
#.......# #.#.#.#
....#...# #.#.#.# # ##


You could see an ogre, a worker ant, an orc wizard and an orc.

Vanquished Creatures
  A phantom (D:4)
  An ice beast (D:3)
  An ogre (D:4)
  A centaur (D:5)
  A scorpion (D:5)
  2 howler monkeys (D:4)
  An orc priest (D:5)
  5 adders
  A worm (D:3)
  A giant gecko (D:4)
  7 orcs
  4 giant cockroaches
  5 goblins
  8 hobgoblins
  4 jackals (D:4)
  5 quokkas
  4 ball pythons
  3 bats
  A giant gecko skeleton (D:4)
  2 giant newts (D:3)
  7 kobolds
  8 rats
73 creatures vanquished.

Notes
Turn   | Place    | Note
-------+----------+-------------------------------------------
     0 | D:1      | Ihatecarrots00 the Minotaur Berserker began the quest for the Orb.
     0 | D:1      | Reached XP level 1. HP: 19/19 MP: 0/0
   483 | D:1      | Reached XP level 2. HP: 27/27 MP: 1/1
   907 | D:2      | Reached ** piety under Trog
  1125 | D:2      | Reached XP level 3. HP: 24/33 MP: 2/2
  1967 | D:3      | Found a faded altar of an unknown god.
  1981 | D:3      | Reached XP level 4. HP: 39/41 MP: 3/3
  2237 | D:3      | Reached skill level 5 in Fighting
  2413 | D:3      | Found a glowing silver altar of Zin.
  2414 | D:3      | Found Zin's Purification Station.
  2517 | D:3      | Noticed an ice beast
  2531 | D:3      | Killed an ice beast
  2531 | D:3      | Reached XP level 5. HP: 34/48 MP: 4/4
  2644 | D:3      | Found a sacrificial altar of Ru.
  2807 | D:4      | Found a staircase to the Ecumenical Temple.
  2925 | D:4      | Reached skill level 5 in Axes
  2970 | D:4      | Noticed a phantom
  3034 | D:4      | Killed a phantom
  3034 | D:4      | Reached skill level 5 in Armour
  3034 | D:4      | Reached XP level 6. HP: 54/57 MP: 5/5
  3087 | D:4      | Found a shadowy altar of Dithmenos.
  4010 | D:5      | Entered Level 5 of the Dungeon
  4017 | D:5      | Reached XP level 7. HP: 56/63 MP: 6/6
  4057 | D:5      | HP: 3/64 [ogre/giant spiked club (7)]
  4060 | D:5      | HP: 1/64 [worker ant (3)]
  4062 | D:5      | Slain by a worker ant

Vault maps used:
D:1:      dpeg_arrival_rhombus
D:3:      nicolae_ru_the_path_less_chosen, zin_purify, ecumenical_altar_1,
          first_bread
D:4:      grunt_dithmenos_shadows
D:5:      wad_woods_river_04

Skill      XL: |  1  2  3  4  5  6  7 |
---------------+----------------------+-----
Fighting       | 4 5 6 |  6.3
Axes           | 4 5 |  5.7
Armour         | 3 4 5 6 |  6.0
Dodging        | 3 |  3.2
Stealth        | |  0.1
Shields        | |  0.2

Action                   |  1- 3 |  4- 6 |  7- 9 || total
-------------------------+-------+-------+-------++-------
Melee: Hand axe          |    93 |    98 |    14 ||   205
       Headbutt          |    15 |    23 |     4 ||    42
  Use: Scroll            |     2 |       |       ||     2
  Eat: Bread ration      |     2 |       |       ||     2
       Meat ration       |       |       |     1 ||     1
Armor: Plate armour      |    60 |    83 |    36 ||   179
       Animal skin       |     1 |       |       ||     1
Dodge: Dodged            |    39 |    35 |    22 ||    96
Block: Buckler           |       |     1 |     3 ||     4
